 Dungeon Crawl Stone Soup version 0.26.1-11-gd32895ea62 (webtiles) character file.

Game seed: 3571309965483824740

62 JakersMate the Sneak (level 4, 0/35 HPs)
             Began as a Human Delver on June 1, 2021.
             Slain by a kobold
             ... wielding a +0 dagger
              (5 damage)
             ... on level 2 of the Dungeon.
             The game lasted 00:05:45 (2311 turns).

JakersMate the Sneak (Human Delver)                 Turns: 2311, Time: 00:05:46

Health: 0/35       AC:  3    Str: 13    XL:     4   Next: 28%
Magic:  4/4        EV: 12    Int: 10    God:
Gold:   123        SH:  0    Dex: 15    Spells: 3/3 levels left

rFire    . . .     SeeInvis .   a - +0 falchion
rCold    . . .     Faith    .   (no shield)
rNeg     . . .     Spirit   .   b - +0 leather armour
rPois    .         Reflect  .   (no helmet)
rElec    .         Harm     .   (no cloak)
rCorr    .         Rampage  .   (no gloves)
Will     .....                  (no boots)
Stlth    +++.......             (no amulet)
HPRegen  0.11/turn              (no ring)
MPRegen  0.09/turn              (no ring)

@: no status effects
A: no striking features
a: no special abilities


You were on level 2 of the Dungeon.
You visited 1 branch of the dungeon, and saw 5 of its levels.

You collected 123 gold pieces.

Inventory:

Hand Weapons
 a - a +0 falchion (weapon)
Armour
 b - a +0 leather armour (worn)
Jewellery
 m - an uncursed ring of see invisible
 q - an uncursed ring of protection from fire {unknown}
Wands
 g - a wand of digging (3)
Scrolls
 c - 2 scrolls of fog
 d - 2 scrolls of magic mapping
 e - a scroll of fear
 h - 2 scrolls of teleportation {unknown}
 i - 4 scrolls of identify {unknown}
 j - a scroll of amnesia {unknown}
 p - a scroll of remove curse {unknown}
Potions
 f - 3 potions of haste
 k - 3 potions of curing {unknown}
 l - a potion of might {unknown}
 n - a potion of attraction {unknown}
 o - 4 potions of heal wounds {unknown}


   Skills:
 + Level 3.4 Fighting
 - Level 3.0 Long Blades
 - Level 0.3 Armour
 - Level 2.0 Dodging
 - Level 5.6 Stealth


You had 3 spell levels left.
You didn't know any spells.
Your spell library was empty.

Dungeon Overview and Level Annotations

Branches:
Dungeon (5/15)
 Temple: D:4-7

Altars:


Message History

You kill the kobold!
The kobold throws a stone.
The stone closely misses you.
The kobold throws a stone.
The stone hits you but does no damage. The kobold misses you.
You riposte.
You closely miss the kobold.
The kobold hits you with a +0 short sword.
* * * LOW HITPOINT WARNING * * *
You see here a stone.
You barely miss the kobold. The kobold misses you.
You barely miss the kobold. The kobold hits you but does no damage.
The kobold hits you with a +0 dagger.
* * * LOW HITPOINT WARNING * * *
You hit the kobold.
The kobold is moderately wounded.
The kobold closely misses you.
You riposte.
You hit the kobold but do no damage.
The kobold is moderately wounded.
You hit the kobold but do no damage.
The kobold is moderately wounded.
The kobold hits you with a +0 dagger.
You die...

#..#.##.# #.#
#.......#
#####.### ###.###
#.....# ###†#.#.#
# #.....#.####
#....#......((#
#...........##@#
.........#####K##
# #......###
##K.#.# ##....#
#((...# ##.#.
##(('## #.#.
#†..# . .....#
#####
.......##...#
#.......####.#


You could see 2 kobolds.

Vanquished Creatures
  An ooze (D:1)
  2 worms (D:2)
  2 dart slugs
  3 leopard geckos
  A bat (D:2)
  A giant cockroach (D:1)
  5 goblins
  4 hobgoblins
  4 jackals (D:2)
  3 frilled lizards
  7 kobolds
  13 rats
46 creatures vanquished.

Vanquished Creatures (others)
  3 plants (D:4)
  11 toadstools (D:2)
14 creatures vanquished.

Grand Total: 60 creatures vanquished

Notes
Turn   | Place    | Note
-------+----------+-------------------------------------------
     0 | D:5      | JakersMate the Human Delver began the quest for the Orb.
     0 | D:5      | Reached XP level 1. HP: 18/18 MP: 1/1
   125 | D:4      | Noticed a howler monkey
   164 | D:3      | Noticed a phantom
   244 | D:2      | Reached XP level 2. HP: 16/24 MP: 2/2
   625 | D:2      | Reached XP level 3. HP: 26/29 MP: 3/3
  1730 | D:1      | Reached XP level 4. HP: 35/35 MP: 4/4
  2311 | D:2      | Slain by a kobold

Illustrated notes

Levels and vault maps discovered:
D:1:      dpeg_arrival_tiny_e, layout_loops_corners, serial_forest,
          infiniplex_forest_clump_medium, infiniplex_forest_clump_curved,
          infiniplex_forest_clump_large, infiniplex_forest_end_3,
          infiniplex_forest_corner_1, infiniplex_forest_corner_1,
          infiniplex_forest_straight_3, infiniplex_forest_corner_1,
          infiniplex_forest_lined_1, infiniplex_forest_clump_diagonal,
          minmay_rat_gold_closets
D:2:      cheibrodos_fertilizer, layout_loops_ring,
          hangedman_decor_clover_reticule
D:3:      layout_loops_ring
D:4:      layout_loops_ring, kennysheep_boxes, uniq_blork_the_orc
D:5:      layout_gridville, minmay_temple_entry_arrows, uniq_duvessa

Skill      XL: |  1  2  3  4 |
---------------+-------------+-----
Long Blades    | 3 |  3.0
Fighting       | |  3.4
Armour         | |  0.3
Dodging        | |  2.0
Stealth        | |  5.6

Action                   |  1- 3 |  4- 6 || total
-------------------------+-------+-------++-------
Melee: Falchion          |    99 |    40 ||   139
 Stab: Sleeping          |    10 |     4 ||    14
       Distracted        |     1 |       ||     1
Armor: Leather armour    |    14 |     6 ||    20
Dodge: Dodged            |    62 |    34 ||    96
       Rpst.: Falchion   |    13 |    12 ||    25
